 Dungeon Sprint DCSS version 0.22.1-1-ga44c0e56f4 (webtiles) character file.

2988 Freyura the Blocker (level 9, -13/63 HPs)
             Began as a Gargoyle Fighter on Oct 6, 2018.
             Was the Champion of the Shining One.
             Mangled by Gacaneim the pandemonium lord (25 damage)
             ... in the Dungeon (Sprint V: "Ziggurat Sprint").
             The game lasted 00:08:59 (364 turns).

Freyura the Blocker (Gargoyle Fighter)               Turns: 364, Time: 00:09:00

Health: -13/63     AC: 32    Str: 20    XL:     9   Next: 83%
Magic:  0/9        EV:  4    Int: 15    God:    the Shining One [******]
Gold:   0          SH: 21    Dex: 12    Spells: 8/8 levels left

rFire    . . .     SeeInvis .   o - +6 shillelagh "Devastator" {shatter}
rCold    . . .     Gourm    .   G - +3 large shield
rNeg     + + +     Faith    .   H - +5 crystal plate armour
rPois    ∞         Spirit   .   (no helmet)
rElec    +         Reflect  .   (no cloak)
rCorr    .         Harm     .   (no gloves)
MR       .....     NoTele   +   (no boots)
Stlth    ..........             (no amulet)
HPRegen  0.20/turn              B - +6 ring of intelligence
MPRegen  0.11/turn              M - +4 ring of slaying

@: glowing
A: negative energy resistance 1, electricity resistance, unbreathing,
petrification resistance, rot immunity, AC +6
a: Divine Shield, Cleansing Flame, Summon Divine Warrior, Brand Weapon With Holy
Wrath, Renounce Religion


You were in the Dungeon.
You worshipped the Shining One.
The Shining One was exalted by your worship.
You were not hungry.

You visited 1 branch

Inventory:

Hand Weapons
 a - a +0 flail
 o - the +6 shillelagh "Devastator" (weapon) {shatter}
   (You found it in the Dungeon)
Armour
 b - a +0 scale mail
 c - a +0 shield
 G - a +3 large shield (worn)
 H - a +5 crystal plate armour (worn)
Jewellery
 z - a +6 ring of dexterity
 A - a +6 ring of dexterity
 B - a +6 ring of intelligence (left hand)
 C - a +6 ring of intelligence
 D - a +6 ring of strength
 E - a +6 ring of strength
 F - an uncursed ring of flight
 I - a +6 ring of protection
 J - the ring of Kulegoab {*Corrode Str+7 Int+4 SInv Stlth-}
   (You found it in the Dungeon)

   [ring of see invisible]

   It affects your strength (+7).
   It affects your intelligence (+4).
   It lets you see invisible.
   It may corrode you when you take damage.
   It makes you less stealthy.
 K - a +1 ring of slaying
 L - the amulet of Siforphey {Harm *Drain Str+5}
   (You found it in the Dungeon)

   [amulet of harm]

   It increases damage dealt and taken.
   It affects your strength (+5).
   It causes draining when unequipped.
 M - a +4 ring of slaying (right hand)
Wands
 w - a wand of disintegration (7)
 x - a wand of iceblast (7)
 y - a wand of acid (7)
Scrolls
 k - 4 scrolls of blinking
 q - 4 scrolls of amnesia
 r - 7 scrolls of fog
 s - a scroll of holy word
 t - 5 scrolls of identify
 u - 5 scrolls of remove curse
 v - 2 scrolls of fear
Potions
 d - 6 potions of might
 e - 10 potions of curing
 g - 6 potions of heal wounds
 h - 6 potions of haste
 i - 7 potions of magic
 j - 3 potions of berserk rage
 l - 2 potions of brilliance
 m - 2 potions of invisibility
 n - 4 potions of resistance
 p - 4 potions of agility
Comestibles
 f - 7 rations


   Skills:
 + Level 10.8 Fighting
 + Level 10.6 Maces & Flails
 + Level 11.6 Armour
 + Level 7.9 Dodging
 + Level 11.7 Shields


You had 8 spell levels left.
You didn't know any spells.
Your spell library was empty.

Dungeon Overview and Level Annotations

Branches:
Dungeon (1/1)

Altars:
Ashenzari
Cheibriados
Dithmenos
Elyvilon
Fedhas
Gozag
Hepliaklqana
Kikubaaqudgha
Makhleb
Nemelex Xobeh
Okawaru
Qazlal
Ru
Sif Muna
Trog
Uskayaw
Vehumet
Wu Jian
Xom
Yredelemnul
Zin
The Shining One
Beogh
Jiyva
Lugonu

Annotations:
D 1 transporter


Innate Abilities, Weirdness & Mutations

You are resistant to torment.
Your stone body is resilient. (AC +6)
You are immune to poison.
You resist negative energy. (rN+)
You are resistant to electric shocks. (rElec)
You can survive without breathing.
You are immune to petrification.
You are immune to rotting.


Message History

The bolt of cold misses you.
The shadow demon gestures.
You feel much better. You block Gacaneim's attack. x2
You block the Tzitzimitl's attack.
The Tzitzimitl bites you but does no damage.
The shadow demon gestures.
The orange demon stings you but does no damage.
You block the orange demon's attack.
You hit Gacaneim but do no damage. You block Gacaneim's attack.
The crimson imp blinks!
The Ice Fiend calls on the powers of darkness!
Your body is wracked with pain!
The Tzitzimitl calls on the powers of darkness!
Your body is wracked with pain!
The shadow demon hits you but does no damage.
Gacaneim gestures at you. The bolt of energy hits you!
* * * LOW HITPOINT WARNING * * *
You hit Gacaneim but do no damage. Gacaneim hits you!!
You die...

▓..8©8..▓
▓..)})5.▓
▓..}|?..▓
▓.......▓
▓.......▓
▓.......▓
▓.1§33..▓
▓.▓1&2▓.▓
▓..4@4..▓
▓▓▓▓▓▓▓▓▓


You could see Gacaneim, a Tzitzimitl, an Ice Fiend, 2 soul eaters, a shadow
demon, an orange demon, an ice devil and a crimson imp.

Vanquished Creatures
  2 two-headed ogres (D)
  2 cyclopes (D)
  A slime creature (D)
  A yak (D)
  A golden eye (D)
  A chaos spawn (D)
  A phantom (D)
  A wolf (D)
  A bullfrog (D)
  A crimson imp (D)
  A jelly (D)
  A quasit (D)
  2 orc priests (D)
  An orc wizard (D)
  2 oozes (D)
  An orc (D)
  A giant cockroach zombie (D)
21 creatures vanquished.

Notes
Turn   | Place    | Note
-------+----------+-------------------------------------------
     0 | D        | Found the +6 Majin-Bo {vamp, Archmagi MP+6 Int+6}
     0 | D        | Found the +7 great mace "Firestarter" {inner flame, rF++}
     0 | D        | Freyura the Gargoyle Fighter began the quest for the Orb.
     0 | D        | Reached XP level 1. HP: 14/14 MP: 1/1
     0 | D        | Found a deep blue altar of Sif Muna.
     0 | D        | Found a sacrificial altar of Ru.
     0 | D        | Found a bloodstained altar of Trog.
     0 | D        | Found a stormy altar of Qazlal.
     0 | D        | Found an iron altar of Okawaru.
     0 | D        | Found a sparkling altar of Nemelex Xobeh.
     0 | D        | Found a blossoming altar of Fedhas.
     2 | D        | Found a transporter.
     2 | D        | Found an ancient bone altar of Kikubaaqudgha.
     2 | D        | Found a viscous altar of Jiyva.
     2 | D        | Found a corrupted altar of Lugonu.
     2 | D        | Found a hazy altar of Hepliaklqana.
     2 | D        | Found a burning altar of Makhleb.
     2 | D        | Found an opulent altar of Gozag.
    16 | D        | Reached skill level 5 in Armour
    16 | D        | Reached skill level 5 in Shields
    16 | D        | Reached XP level 2. HP: 19/19 MP: 2/2
    22 | D        | Found the +6 shillelagh "Devastator" {shatter}
    22 | D        | Found the +11 plutonium sword {*Contam Stlth-}
    22 | D        | Found the +8 lance "Wyrmbane" {slay drac, rPois rF+ rC+
                  | AC+3}
    22 | D        | Found the +9 sword of Zonguldrok {reap}
    22 | D        | Found the cursed +13 scythe of Curses {drain, *Curse}
    22 | D        | Found the +0 sword of Power
    22 | D        | Found the +7 mace of Variability {chain chaos}
    22 | D        | Found the +7 Singing Sword
    22 | D        | Found the +7 longbow "Piercer" {penet, EV-2}
    61 | D        | Became a worshipper of the Shining One
    75 | D        | Entered arena 2.
    75 | D        | Noticed a phantom
    75 | D        | Reached * piety under the Shining One
    75 | D        | Found a transporter.
    94 | D        | Killed a phantom
    94 | D        | Reached skill level 5 in Maces & Flails
    94 | D        | Reached XP level 3. HP: 24/24 MP: 3/3
    94 | D        | Reached XP level 4. HP: 30/30 MP: 4/4
    97 | D        | Entered arena 3.
    97 | D        | Noticed a bullfrog
    97 | D        | Reached ** piety under the Shining One
    97 | D        | Noticed a wolf
    97 | D        | Noticed a yak
    97 | D        | Found a transporter.
    99 | D        | Killed a wolf
    99 | D        | Reached skill level 5 in Fighting
    99 | D        | Reached XP level 5. HP: 35/35 MP: 5/5
   101 | D        | Killed a yak
   101 | D        | Reached XP level 6. HP: 42/42 MP: 6/6
   111 | D        | Entered arena 4.
   111 | D        | Noticed a two-headed ogre
   111 | D        | Noticed a cyclops
   111 | D        | Noticed a two-headed ogre
   111 | D        | Reached *** piety under the Shining One
   111 | D        | Noticed a cyclops
   111 | D        | Found a transporter.
   116 | D        | Killed a two-headed ogre
   116 | D        | Reached skill level 5 in Dodging
   116 | D        | Reached XP level 7. HP: 39/50 MP: 7/7
   116 | D        | Reached XP level 8. HP: 43/55 MP: 8/8
   116 | D        | Killed a cyclops
   116 | D        | Reached skill level 10 in Armour
   116 | D        | Reached skill level 10 in Shields
   119 | D        | Killed a cyclops
   119 | D        | Reached XP level 9. HP: 38/62 MP: 9/9
   120 | D        | Killed a two-headed ogre
   120 | D        | Reached skill level 10 in Fighting
   120 | D        | Reached skill level 10 in Maces & Flails
   243 | D        | Entered arena 5.
   243 | D        | Reached **** piety under the Shining One
   243 | D        | Found a transporter.
   250 | D        | Got the ring of Kulegoab {*Corrode Str+7 Int+4 SInv Stlth-}
   254 | D        | Entered arena 6.
   254 | D        | Reached ***** piety under the Shining One
   254 | D        | Found a transporter.
   277 | D        | Got the amulet of Siforphey {Harm *Drain Str+5}
   340 | D        | Entered arena 7.
   340 | D        | Noticed Gacaneim the pandemonium lord
   340 | D        | Noticed a soul eater
   340 | D        | Reached ****** piety under the Shining One
   341 | D        | Noticed a shadow demon
   341 | D        | Found a transporter.
   342 | D        | Noticed a hellion
   349 | D        | Noticed a tormentor
   356 | D        | Noticed a Tzitzimitl
   358 | D        | Noticed an Ice Fiend
   360 | D        | HP: 3/63 [Gacaneim the pandemonium lord (25)]
   362 | D        | Noticed a soul eater
   362 | D        | Noticed an orange demon
   363 | D        | Noticed an ice devil
   364 | D        | Mangled by Gacaneim the pandemonium lord

Skill      XL: |  1  2  3  4  5  6  7  8  9 |
---------------+----------------------------+-----
Maces & Flails | 4 5 6 7 8 9 10 | 10.6
Armour         | 5 6 7 8 9 10 11 | 11.6
Shields        | 5 6 7 8 9 10 11 | 11.7
Fighting       | 4 5 6 8 9 10 | 10.8
Dodging        | 2 3 4 5 6 7 |  7.9

Action                   |  1- 3 |  4- 6 |  7- 9 || total
-------------------------+-------+-------+-------++-------
Melee: Shillelagh        |    11 |     7 |    35 ||    53
  Use: Potion            |     2 |       |     4 ||     6
Armor: Crystal plate arm |     2 |     1 |    31 ||    34
Dodge: Dodged            |     2 |     4 |     8 ||    14
Block: Large shield      |     7 |    10 |    56 ||    73
